 Dungeon Crawl Stone Soup version 0.29-a0-1052-g6990b1bffc (webtiles) character file.

Game seed: 11051590839990730987

698 leavemydog the Conjurer (level 7, -16/36 HPs)
             Began as a Deep Elf Conjurer on Aug 17, 2022.
             Demolished by a two-headed ogre
             ... wielding a +0 giant club
              (18 damage)
             ... on level 5 of the Dungeon.
             The game lasted 00:06:01 (4525 turns).

leavemydog the Conjurer (Deep Elf Conjurer)         Turns: 4525, Time: 00:06:02

Health: -16/36     AC:  2    Str:  4    XL:     7   Next: 38%
Magic:  11/18      EV: 12    Int: 25    God:
Gold:   284        SH:  0    Dex: 13    Spells: 8/19 levels left

rFire   . . .      SeeInvis +   y - +3 short sword (venom)
rCold   . . .      Faith    .   (no shield)
rNeg    . . .      Spirit   .   a - +0 robe
rPois   .          Reflect  .   (no helmet)
rElec   .          Harm     .   (no cloak)
rCorr   .          Rampage  .   (no gloves)
Will    .....                   (no boots)
Stlth   ++........              i - amulet of regeneration
HPRegen 0.92/turn               s - ring of see invisible
MPRegen 0.16/turn               (no ring)

@: no status effects
A: no striking features
a: no special abilities


You were on level 5 of the Dungeon.
You visited 1 branch of the dungeon, and saw 5 of its levels.
You also visited: Sewer.

You collected 284 gold pieces.

Inventory:

Hand Weapons
 y - a +3 short sword of venom (weapon)
Armour
 a - a +0 robe (worn)
Jewellery
 i - an amulet of regeneration (around neck)
 s - a ring of see invisible (left hand)
Wands
 t - a wand of charming (18)
 x - a wand of iceblast (11)
Scrolls
 c - a scroll of fear {unknown}
 d - a scroll of blinking {unknown}
 f - a scroll of immolation {unknown}
 j - 2 scrolls of noise
 m - a scroll of enchant weapon {unknown}
 r - a scroll of torment {unknown}
 u - a scroll of vulnerability {unknown}
 w - 3 scrolls of teleportation {unknown}
Potions
 b - a potion of magic
 e - a potion of lignification {unknown}
 g - 2 potions of heal wounds
 h - 4 potions of brilliance
 k - a potion of ambrosia {unknown}
 l - a potion of resistance
 n - 2 potions of haste
 o - a potion of degeneration {unknown}
 p - a potion of mutation {unknown}
 q - a potion of attraction {unknown}
 v - 4 potions of flight
 z - 2 potions of curing


   Skills:
 - Level 2.4 Dodging
 - Level 2.4 Stealth
 + Level 6.5 Spellcasting
 + Level 7.8 Conjurations
 * Level 1.7 Hexes
 * Level 3.0 Translocations


You had 8 spell levels left.
You knew the following spells:

 Your Spells              Type           Power      Damage    Failure   Level
a - Magic Dart            Conj           100%       1d8       1%          1
b - Searing Ray           Conj           94%        2d7       1%          2
c - Iskenderun's Mystic   Conj/Tloc      35%        2d8       8%          4
d - Fulminant Prism       Conj/Hex       16%        3d11      10%         4

Your spell library contained the following spells:

 Spells                   Type           Power      Damage    Failure   Level
 Dazzling Flash           Conj/Hex       64%        N/A       3%          3
 Conjure Flame            Conj/Fire      27%        6-21      4%          3
 Sticky Flame             Conj/Fire      27%        2d5       14%         4
 Ignite Poison            Fire/Tmut/Pois 8%         N/A       22%         3
 Ozocubu's Armour         Ice            8%         N/A       22%         3
 Ozocubu's Refrigeration  Ice            4%         4d8       100%        7


Dungeon Overview and Level Annotations

Branches:
Dungeon (5/15)              Sewer (visited)
 Temple: D:4-7

Altars:
Cheibriados
Gozag

Annotations:
D:5 1 runed translucent door, Crazy Yiuf


Message History

Aim: an iguana (moderately wounded, 84% to hit)
The searing ray hits the iguana!
You kill the iguana! (Press . to maintain the ray.)
A two-headed ogre comes into view. It is wielding two +0 giant clubs.
A two-headed ogre is nearby!
The magic dart hits the two-headed ogre.
The two-headed ogre is lightly wounded.
The two-headed ogre shouts in stereo!
Casting: Magic Dart (safe; 1% risk of failure)
Confirm with . or Enter, or press ? or * to list all spells.
You can't see any susceptible monsters within range! (Use Z to cast anyway.)
The magic dart hits the two-headed ogre.
The two-headed ogre is lightly wounded.
Casting: Magic Dart (safe; 1% risk of failure)
Confirm with . or Enter, or press ? or * to list all spells.
Okay, then.
The magic dart hits the two-headed ogre but does no damage.
The two-headed ogre is lightly wounded.
Casting: Magic Dart (safe; 1% risk of failure)
Confirm with . or Enter, or press ? or * to list all spells.
Aiming: Searing Ray (safe; 1% risk of failure)
Press: ? - help, Shift-Dir - straight line, f/p - two-headed ogre
Aim: a two-headed ogre, wielding two +0 giant clubs (lightly wounded, 91% to hit)
The searing ray hits the two-headed ogre.
The two-headed ogre is lightly wounded. (Press . to maintain the ray.)
The searing ray hits the two-headed ogre.
The two-headed ogre is moderately wounded.
The searing ray hits the two-headed ogre.
The two-headed ogre is moderately wounded.
The searing ray hits the two-headed ogre.
The two-headed ogre is moderately wounded.
You finish channelling your searing ray.
The two-headed ogre hits you with a +0 giant club!!
Ouch! That really hurt!
* * * LOW HITPOINT WARNING * * *
The two-headed ogre hits you with a +0 giant club!!
Ouch! That really hurt!
You die...

######## #......#
#....... #......#
##......# #.......#
#......@# #.....O.#
#.......# ...#....##
######## #..#.#..#
#......# #
........#####......#.#
.......................##
#..####.#####.......# ...
.. # #.# #.......##...


You could see a two-headed ogre.

Vanquished Creatures
  Sigmund (D:3)
  2 kobold brigands (Sewer)
  A necrophage (D:4)
  An orc priest (D:4)
  Ijyb (D:3)
  3 iguanas
  An orc wizard (D:4)
  6 adders
  A river rat (Sewer)
  A white imp (D:5)
  5 dart slugs
  13 orcs
  4 ball pythons
  5 bats
  5 endoplasms
  8 giant cockroaches
  7 goblins
  4 hobgoblins
  5 jackals
  10 kobolds
  8 quokkas
  2 frilled lizards
  3 rats
97 creatures vanquished.

Notes
Turn   | Place    | Note
-------+----------+-------------------------------------------
     0 | D:1      | leavemydog the Deep Elf Conjurer began the quest for the
                  | Orb.
     0 | D:1      | Reached XP level 1. HP: 10/10 MP: 6/6
   315 | D:1      | Reached XP level 2. HP: 15/15 MP: 6/8
   322 | D:1      | Learned a level 2 spell: Searing Ray
   440 | D:1      | Reached skill level 5 in Conjurations
  1012 | D:2      | Reached XP level 3. HP: 19/19 MP: 6/9
  1902 | D:3      | Reached XP level 4. HP: 24/24 MP: 7/11
  1910 | D:3      | Learned a level 4 spell: Iskenderun's Mystic Blast
  1957 | D:3      | Noticed Sigmund
  1963 | D:3      | Killed Sigmund
  1964 | D:3      | Reached skill level 6 in Conjurations
  1964 | D:3      | Reached skill level 1 in Translocations
  1964 | D:3      | Reached XP level 5. HP: 20/28 MP: 3/14
  2070 | D:3      | Noticed Ijyb
  2075 | D:3      | Killed Ijyb
  2230 | D:3      | Identified the +8 hand axe "Ogre's Demise" {holy, rC- Will+
                  | Dex+3}
  2400 | D:3      | Found a faded altar of an unknown god.
  2421 | D:4      | Reached XP level 6. HP: 32/32 MP: 10/15
  2747 | D:4      | Reached skill level 5 in Spellcasting
  2747 | D:4      | Reached skill level 7 in Conjurations
  2818 | D:4      | Found an opulent altar of Gozag.
  3161 | D:4      | Found a snail-covered altar of Cheibriados.
  3526 | D:4      | Learned a level 4 spell: Fulminant Prism
  3700 | D:5      | Entered Level 5 of the Dungeon
  3967 | D:5      | Found a glowing drain.
  4016 | Sewer    | Entered a sewer
  4020 | Sewer    | Reached XP level 7. HP: 36/36 MP: 12/17
  4120 | Sewer    | Reached skill level 1 in Hexes
  4311 | Sewer    | Found a white marble altar of Elyvilon.
  4409 | D:5      | Found a runed translucent door.
  4410 | D:5      | Noticed Crazy Yiuf
  4518 | D:5      | Noticed a two-headed ogre
  4525 | D:5      | Demolished by a two-headed ogre

Illustrated notes

Levels and vault maps discovered:
D:1:      zelgadis_glass_arrival_small, layout_loops_ring
D:2:      layout_basic
D:3:      layout_rooms, shapermc_ecumenical_altar_acropolis, uniq_sigmund,
          uniq_ijyb
D:4:      layout_rooms, mainiacjoe_overflow_surrounded_room,
          mainiacjoe_overflow_catwalk, minmay_tree_intersection
D:5:      layout_basic, portal_sewer_entry_f, uniq_crazy_yiuf_cottage,
          uniq_menkaure

Skill      XL: |  1  2  3  4  5  6  7 |
---------------+----------------------+-----
Conjurations   | 5 6 7 |  7.8
Spellcasting   | 4 5 6 |  6.5
Translocations | 1 2 3 |  3.0
Hexes          | 1 |  1.7
Dodging        | |  2.4
Stealth        | |  2.4

Action                   |  1- 3 |  4- 6 |  7- 9 || total
-------------------------+-------+-------+-------++-------
Melee: Dagger            |     6 |       |       ||     6
 Cast: Magic Dart        |    65 |    93 |    30 ||   188
       Searing Ray       |     1 |    10 |     4 ||    15
  Use: Scroll            |       |     4 |       ||     4
Armor: Robe              |       |     1 |       ||     1
Dodge: Dodged            |    12 |    13 |     2 ||    27

Table legend: (Time is in decaauts)
 A = Elapsed time spent in this place.
 B = Non-inter-level travel time spent in this place.
 C = Inter-level travel time spent in this place.
 D = Time resting spent in this place.
 E = Time spent auto-exploring this place.
 F = Levels seen in this place.
 G = Mean time per level.
                   A        B        C        D        E       F      G
               +--------+--------+--------+--------+--------+-----+--------+
         Total |   4561 |   4460 |    101 |   1102 |   2879 |   6 |  760.2 |
       Dungeon |   4188 |   4087 |    101 |    957 |   2715 |   5 |  837.6 |
         Sewer |    372 |    372 |      0 |    145 |    164 |   1 |  372.0 |
               +--------+--------+--------+--------+--------+-----+--------+

Top non-repeatable levels by time:
     D:4: 1118 daAuts
     D:3: 907 daAuts
     D:2: 890 daAuts
     D:1: 783 daAuts
     D:5: 489 daAuts
   Sewer: 372 daAuts
